[Event "Titled Tuesday Blitz June 6 Early 2023"]
[White "Jodorcovsky Werjivker, Paulo"]
[Black "Aloma Vidal, Robert"]
[WhiteFideId "3700305"]
[BlackFideId "2260409"]
[WhiteElo "2120"]
[BlackElo "2435"]
[Result "0-1"]
[Round "2"]
[TimeControl "180+2"]
[Date "2023.06.06"]
[WhiteClock "0:00:36"]
[BlackClock "0:01:22"]
[Board "141"]

1. e4 e5 2. Nf3 Nf6 3. Nxe5 d6 4. Nf3 Nxe4 5. Nc3 Nf6 6. Be2 g6 7. O-O Bg7 8. d4 O-O 9. Bg5 h6 10. Be3 Nc6 11. Qd2 Kh7 12. Rfe1 Ne7 13. Bd3 Bg4 14. Ne2 Ned5 15. c3 Qd7 16. Ng3 Bxf3 17. gxf3 Rae8 18. Ne4 Qh3 19. Ng3 h5 20. Bf1 Qd7 21. Bg2 Kg8 22. Ne4 Nh7 23. Bh6 f5 24. Bxg7 Kxg7 25. Ng5 Nxg5 26. Qxg5 Qd8 27. Qxd8 Rxd8 28. f4 Nxf4 29. Bxb7 Rb8 30. Bf3 Rxb2 31. Re7+ Rf7 32. Rae1 Rxa2 0-1


[Site "https://www.chess.com"]

[Event "Titled Tuesday Blitz June 6 Early 2023"]
[White "TimGrutter03"]
[Black "Llanos, Guillermo"]
[BlackFideId "100358"]
[WhiteElo "2583"]
[BlackElo "2210"]
[Result "0-1"]
[Round "2"]
[TimeControl "180+2"]
[Date "2023.06.06"]
[WhiteClock "0:00:10"]
[BlackClock "0:01:30"]
[Board "142"]

1. e4 Nf6 2. e5 Nd5 3. c4 Nb6 4. a4 a5 5. Ra3 d6 6. exd6 cxd6 7. d4 g6 8. h4 h6 9. h5 g5 10. Bd3 Nc6 11. Ne2 Bg7 12. Be3 Nb4 13. Nbc3 Bg4 14. f3 Bd7 15. b3 e5 16. Be4 f5 17. Bxb7 Rb8 18. Bd5 N6xd5 19. cxd5 O-O 20. dxe5 Bxe5 21. Bd4 Qf6 22. O-O Rbc8 23. Nb5 Nc2 24. Ra2 Bxb5 25. Rxc2 Bxe2 26. Qxe2 Bxd4+ 27. Kh1 Rxc2 28. Qxc2 Qe5 29. Qd2 Be3 30. Qxa5 Qg3 31. Qb4 Bf4 0-1


[Site "https://www.chess.com"]

[Event "Titled Tuesday Blitz June 6 Early 2023"]
[White "Bogaudinov, Rushan"]
[Black "Taboas Rodriguez, Daniel"]
[WhiteFideId "4129288"]
[BlackFideId "2208466"]
[WhiteElo "1967"]
[BlackElo "2365"]
[Result "0-1"]
[Round "2"]
[TimeControl "180+2"]
[Date "2023.06.06"]
[WhiteClock "0:00:07"]
[BlackClock "0:00:58"]
[Board "143"]

1. d4 Nf6 2. Nf3 d5 3. g3 c6 4. Bg2 Bf5 5. O-O e6 6. c4 Nbd7 7. Nc3 Bd6 8. b3 O-O 9. Bb2 Qe7 10. a3 dxc4 11. bxc4 e5 12. e3 Rae8 13. Nh4 Bg4 14. Qb3 b6 15. h3 Be6 16. Bxc6 Bxh3 17. Rfd1 exd4 18. Rxd4 Rc8 19. Bg2 Nc5 20. Qd1 Bxg2 21. Kxg2 Be5 22. Nd5 Nxd5 23. cxd5 Bxd4 24. Qxd4 Qe4+ 25. Kh3 Qxd4 26. Bxd4 g6 27. Rd1 f5 28. Nf3 Rfd8 29. Bf6 Ne4 30. Bxd8 Nxf2+ 31. Kg2 Nxd1 32. Be7 Kf7 33. d6 Nxe3+ 34. Kf2 Ng4+ 35. Ke2 Ke6 36. Ng5+ Kd7 37. Nxh7 Ne5 38. Ke3 Nc4+ 39. Kf4 Nxd6 40. Bf6 Rc4+ 41. Ke5 Ne4 42. Bh8 Nxg3 43. Nf8+ Kc6 44. Nxg6 Ra4 45. Ne7+ Kb5 46. Kd6 Rxa3 47. Be5 Ne4+ 48. Kd5 Rd3+ 49. Ke6 a5 50. Nxf5 Nc5+ 51. Ke7 a4 52. Nd6+ Rxd6 53. Kxd6 a3 54. Kd5 a2 55. Bb2 Nb3 56. Ke4 a1=Q 57. Bxa1 Nxa1 58. Kd3 Nb3 59. Kc3 Nc5 60. Kb2 Kb4 61. Ka2 Kc3 62. Kb1 b5 63. Kc1 b4 64. Kb1 b3 65. Kc1 b2+ 66. Kb1 Nd3 67. Ka2 Kc2 68. Ka3 b1=Q 0-1


[Site "https://www.chess.com"]

[Event "Titled Tuesday Blitz June 6 Early 2023"]
[White "Do Nascimento,Christian Almeida"]
[Black "Senft, Sean"]
[WhiteFideId "2143801"]
[BlackFideId "2044960"]
[WhiteElo "2078"]
[BlackElo "1989"]
[Result "1/2-1/2"]
[Round "2"]
[TimeControl "180+2"]
[Date "2023.06.06"]
[WhiteClock "0:00:26"]
[BlackClock "0:00:17"]
[Board "144"]

1. d4 d5 2. Bf4 c6 3. e3 Qb6 4. Qc1 Nf6 5. Nd2 Bf5 6. Ngf3 e6 7. Be2 c5 8. O-O Nc6 9. c3 Be7 10. Ne5 O-O 11. h3 Rac8 12. Ndf3 Nxe5 13. Nxe5 Rfd8 14. Ng4 Bg6 15. Ne5 cxd4 16. exd4 Bd6 17. Nxg6 hxg6 18. Bg5 Rd7 19. Bxf6 gxf6 20. Bd3 Kg7 21. Qd2 Bb8 22. g3 Rh8 23. Kg2 Rdd8 24. Rae1 Rh5 25. Be2 Rh6 26. Rh1 Rdh8 27. h4 Qd6 28. h5 gxh5 29. Rh4 Qe7 30. Reh1 f5 31. Rxh5 Rxh5 32. Rxh5 Rxh5 33. Bxh5 Qf6 34. Bf3 f4 35. g4 Bd6 36. b3 Bc7 37. c4 Bb6 38. cxd5 exd5 39. Bxd5 Bxd4 40. Bxb7 Bb6 41. Bf3 Qe5 42. Kf1 Qc5 43. b4 Qc7 44. a4 Qe5 45. a5 Bd4 46. Kg2 Bc3 47. Qd5 Qxd5 48. Bxd5 Bxb4 49. a6 Kf6 50. Kf3 Bd6 51. Ke4 Bc7 52. f3 Bd6 53. Ba2 Bc7 54. Kd5 Bb8 55. Kc6 Be5 56. Kc5 Ke7 57. Bd5 f6 58. Be4 Bc3 59. Kd5 Bd2 60. Bf5 Be3 61. Ke4 Kd6 62. Bc8 Bc1 63. Kf5 Ke7 64. Bb7 Kd6 65. Ke4 Ke7 66. Kf5 Be3 67. g5 fxg5 68. Kxg5 Kd6 69. Kf5 Kc5 70. Ke4 Kc4 71. Ke5 Kd3 72. Kf5 Ke2 73. Ke6 Kd3 74. Kd7 Kd4 75. Kc8 Kc5 76. Kd7 Kd4 77. Kc8 Ke5 1/2-1/2


[Site "https://www.chess.com"]

[Event "Titled Tuesday Blitz June 6 Early 2023"]
[White "Pajeken, Jakob Leon"]
[Black "Gabdushev, Ruslan"]
[WhiteFideId "12942839"]
[BlackFideId "4137833"]
[WhiteElo "2424"]
[BlackElo "2233"]
[Result "1-0"]
[Round "2"]
[TimeControl "180+2"]
[Date "2023.06.06"]
[WhiteClock "0:00:53"]
[BlackClock "0:00:41"]
[Board "145"]

1. d4 Nc6 2. e4 d5 3. Nc3 e5 4. dxe5 d4 5. Nce2 Bc5 6. f4 Nge7 7. Nf3 Bg4 8. a3 Bxf3 9. gxf3 a5 10. Ng3 O-O 11. Bc4 Kh8 12. Qd3 Ng6 13. Bd5 Qh4 14. Bxc6 bxc6 15. Qc4 Bb6 16. Qxc6 Nxf4 17. Bxf4 Qxf4 18. O-O d3+ 19. Kh1 dxc2 20. Qxc2 Qxe5 21. Rad1 Qf4 22. Rd5 Rad8 23. Qd3 g6 24. Rxd8 Rxd8 25. Qxd8+ Kg7 26. Qd3 h5 27. Qc3+ f6 28. Ne2 Qd6 29. Qc2 h4 30. Rd1 Qe6 31. Qd3 Kh6 32. Qd2+ g5 33. Qd8 Qb3 34. Qxf6+ Kh5 35. Nf4+ gxf4 36. Rd5+ Qxd5 37. exd5 h3 38. Qxf4 1-0


[Site "https://www.chess.com"]

[Event "Titled Tuesday Blitz June 6 Early 2023"]
[White "Ai, Evan"]
[Black "Sargsyan, Anna M."]
[WhiteFideId "2094770"]
[BlackFideId "13308130"]
[WhiteElo "1963"]
[BlackElo "2284"]
[Result "0-1"]
[Round "2"]
[TimeControl "180+2"]
[Date "2023.06.06"]
[WhiteClock "0:01:58"]
[BlackClock "0:02:03"]
[Board "146"]

1. e4 c6 2. d4 d5 3. Nc3 dxe4 4. Nxe4 Bf5 5. Ng3 Bg6 6. h4 h6 7. Nf3 e6 8. Ne5 Bh7 9. Bc4 Nf6 10. Qe2 Nd5 11. c3 Nd7 12. Bd2 Be7 13. h5 Bg5 14. O-O Bxd2 15. Qxd2 Nxe5 16. dxe5 Qh4 17. Rae1 Qxc4 18. f4 O-O-O 19. Qf2 Bd3 20. b3 Qa6 21. c4 Ne7 22. Ne4 Bxe4 23. Rxe4 Rd3 24. Rd4 Rxd4 25. Qxd4 Rd8 26. Qc5 Qb6 27. Qxb6 axb6 28. Rf2 Nf5 29. g4 Ne3 30. g5 Rd1+ 31. Kh2 Ng4+ 0-1


[Site "https://www.chess.com"]

[Event "Titled Tuesday Blitz June 6 Early 2023"]
[White "Gheorghiu, Calin"]
[Black "Ziatdinov, Raset"]
[WhiteFideId "1200305"]
[BlackFideId "2015323"]
[WhiteElo "2204"]
[BlackElo "2220"]
[Result "1-0"]
[Round "2"]
[TimeControl "180+2"]
[Date "2023.06.06"]
[WhiteClock "0:00:21"]
[BlackClock "0:00:08"]
[Board "147"]

1. Nf3 Nf6 2. b3 g6 3. Bb2 Bg7 4. g3 O-O 5. Bg2 d6 6. d4 Nc6 7. O-O e5 8. dxe5 Ng4 9. c4 dxe5 10. Nc3 f5 11. h3 Nf6 12. Nd5 e4 13. Nxf6+ Bxf6 14. Qxd8 Bxd8 15. Nd4 Nxd4 16. Bxd4 Be6 17. f3 exf3 18. exf3 c6 19. Rfe1 Bf7 20. f4 Bb6 21. Bxb6 axb6 22. Re7 b5 23. cxb5 Bxb3 24. b6 Rfb8 25. Rae1 Rxa2 26. Rc7 Rxg2+ 27. Kxg2 Bd5+ 28. Kf2 Be4 29. g4 c5 30. gxf5 Bxf5 31. Ree7 h5 32. Rg7+ Kf8 33. Rh7 Kg8 34. Rcg7+ Kf8 35. Rxb7 Rxb7 36. Rxb7 Bxh3 37. Rc7 c4 38. b7 c3 39. b8=Q+ 1-0


[Site "https://www.chess.com"]

[Event "Titled Tuesday Blitz June 6 Early 2023"]
[White "Terletsky, Oleg"]
[Black "Rian, Kapriaga"]
[WhiteFideId "14116774"]
[BlackFideId "7103263"]
[WhiteElo "2126"]
[BlackElo "2321"]
[Result "1-0"]
[Round "2"]
[TimeControl "180+2"]
[Date "2023.06.06"]
[WhiteClock "0:00:22"]
[BlackClock "0:00:12"]
[Board "148"]

1. e4 c6 2. d4 d5 3. Nc3 dxe4 4. Nxe4 Bf5 5. Ng3 Bg6 6. h4 h6 7. Nf3 Nd7 8. h5 Bh7 9. Bd3 Bxd3 10. Qxd3 e6 11. Bf4 Qa5+ 12. Kf1 Ngf6 13. c4 Be7 14. Rh3 O-O 15. Kg1 Rfd8 16. Qc2 b5 17. c5 Nd5 18. Bd2 Qc7 19. Re1 a5 20. Ne4 N7f6 21. Ne5 Nxe4 22. Qxe4 Bf6 23. Ng4 Bg5 24. Bxg5 hxg5 25. Ne5 Nf4 26. Rg3 f6 27. Ng6 Nxg6 28. hxg6 Re8 29. Qg4 Kf8 30. Rge3 e5 31. dxe5 Rxe5 32. Rxe5 fxe5 33. Qf5+ Kg8 34. Qe6+ Kf8 35. Rxe5 Rd8 36. Rf5+ 1-0


[Site "https://www.chess.com"]

[Event "Titled Tuesday Blitz June 6 Early 2023"]
[White "Devaev, Alexander"]
[Black "Lacasa Diaz, Jose Antonio"]
[WhiteFideId "4169395"]
[BlackFideId "2203375"]
[WhiteElo "2172"]
[BlackElo "2338"]
[Result "1/2-1/2"]
[Round "2"]
[TimeControl "180+2"]
[Date "2023.06.06"]
[WhiteClock "0:00:01"]
[BlackClock "0:00:09"]
[Board "149"]

1. Nf3 d5 2. c4 e6 3. e3 c5 4. cxd5 exd5 5. d4 Nc6 6. Nc3 Nf6 7. Bb5 cxd4 8. Nxd4 Bd7 9. O-O Bd6 10. Be2 O-O 11. Bf3 Ne5 12. Nce2 Nxf3+ 13. Nxf3 Re8 14. Ng3 Rc8 15. b3 Ne4 16. Bb2 Nxg3 17. hxg3 Be6 18. Qd4 Bf8 19. Qxa7 Rc2 20. Ba3 Qa8 21. Qxa8 Rxa8 22. Bxf8 Kxf8 23. a3 Rc3 24. Nd4 Rac8 25. Rfd1 Ke7 26. Kf1 Bg4 27. f3 Be6 28. Kf2 g6 29. Ra2 h5 30. Rdd2 Bd7 31. Rac2 Kd6 32. Rxc3 Rxc3 33. Rc2 Rxc2+ 34. Nxc2 f6 35. Nd4 Be8 36. Ke1 Bd7 37. Kd2 Be8 38. a4 Bd7 39. Kc3 Be8 40. Kb4 b6 41. a5 bxa5+ 42. Kxa5 Kc5 43. Nc2 Bd7 44. Nd4 Be8 45. Ne2 g5 46. Nd4 Bd7 47. f4 h4 48. fxg5 fxg5 49. gxh4 gxh4 50. Ne2 h3 51. gxh3 Bxh3 52. b4+ Kc4 53. b5 Bc8 54. Kb6 Kd3 55. Nf4+ Ke4 56. Kc7 Kxe3 57. Nxd5+ Kd4 1/2-1/2


[Site "https://www.chess.com"]

[Event "Titled Tuesday Blitz June 6 Early 2023"]
[White "Pavlidou, Ekaterini"]
[Black "Baches Garcia, Guillermo"]
[WhiteFideId "4213262"]
[BlackFideId "2209764"]
[WhiteElo "2126"]
[BlackElo "2512"]
[Result "1/2-1/2"]
[Round "2"]
[TimeControl "180+2"]
[Date "2023.06.06"]
[WhiteClock "0:01:17"]
[BlackClock "0:01:28"]
[Board "150"]

1. d4 d5 2. c4 e6 3. Nc3 h6 4. Bf4 Nf6 5. e3 Bd6 6. Bxd6 Qxd6 7. c5 Qe7 8. Nf3 O-O 9. Be2 b6 10. b4 a5 11. a3 Nfd7 12. O-O c6 13. Qc2 Ba6 14. e4 Bxe2 15. Qxe2 dxe4 16. Nxe4 Nf6 17. Nd6 bxc5 1/2-1/2


[Site "https://www.chess.com"]

[Event "Titled Tuesday Blitz June 6 Early 2023"]
[White "Buscar, Michael"]
[Black "Tanmay Jain"]
[WhiteFideId "2603616"]
[BlackFideId "45015481"]
[WhiteElo "2010"]
[BlackElo "2032"]
[Result "0-1"]
[Round "2"]
[TimeControl "180+2"]
[Date "2023.06.06"]
[WhiteClock "0:00:03"]
[BlackClock "0:00:08"]
[Board "151"]

1. d4 Nf6 2. c4 e6 3. Nc3 d5 4. cxd5 exd5 5. Bg5 Be7 6. e3 O-O 7. Bd3 h6 8. Bh4 c6 9. Nf3 Ne4 10. Bxe7 Qxe7 11. Bxe4 dxe4 12. Ne5 Nd7 13. Nxd7 Bxd7 14. Qc2 f5 15. O-O-O Be6 16. Kb1 Rad8 17. h3 Bd5 18. Rhg1 Bc4 19. Ka1 Bd5 20. g4 f4 21. Nxd5 Rxd5 22. exf4 Rxf4 23. Rge1 Qe6 24. Re2 Rd8 25. Qa4 a6 26. Rde1 Qd5 27. a3 Rd7 28. Rd2 Rdf7 29. Qc2 Rd7 30. Red1 Rf3 31. Re2 Re7 32. Rde1 Rf4 33. Rd2 Qd6 34. Rde2 Qd5 35. Qc3 Ref7 36. Qd2 g5 37. Qb4 Rd7 38. Qb6 Qxd4 39. Qb3+ Qd5 40. Qc3 Qd4 41. Qb3+ Kg7 42. Qc2 Qd3 43. Qa4 Re7 44. Qa5 Qd5 45. Qb4 Ref7 46. Qc3+ Kg8 47. Qc2 Re7 48. Rd2 Qf7 49. Rd8+ Kg7 50. Qc3+ Qf6 51. Qc4 Qf7 52. Qd4+ Qf6 53. Qc4 Rf7 54. Qb3 Rxf2 55. Rxe4 Rf3 56. Qc4 Rf1+ 57. Ka2 Rf4 58. Rdd4 Rxe4 59. Rxe4 b5 60. Qc5 Qf3 61. Re3 Qf6 62. Rb3 Rd7 63. Qb4 Rd5 64. a4 Qf7 65. Ka3 c5 66. Qa5 b4+ 67. Ka2 Rd3 68. Qxc5 Qxb3+ 0-1


[Site "https://www.chess.com"]

[Event "Titled Tuesday Blitz June 6 Early 2023"]
[White "Janaszak, Dawid"]
[Black "Vaglio Munoz, Jaime"]
[WhiteFideId "1119206"]
[BlackFideId "6500145"]
[WhiteElo "2220"]
[BlackElo "2199"]
[Result "1-0"]
[Round "2"]
[TimeControl "180+2"]
[Date "2023.06.06"]
[WhiteClock "0:00:53"]
[BlackClock "0:00:46"]
[Board "152"]

1. e4 c5 2. Nc3 Qa5 3. Bc4 a6 4. f4 e6 5. a3 b5 6. Ba2 Bb7 7. Nf3 b4 8. axb4 cxb4 9. Ne2 Bxe4 10. O-O Qb6+ 11. d4 Nc6 12. Be3 Bxf3 13. Rxf3 d5 14. f5 Nf6 15. fxe6 fxe6 16. Nf4 Nd8 17. Bb3 Bd6 18. Ba4+ Ke7 19. Nd3 Qc7 20. Bf4 Nf7 21. Qe2 Ne4 22. Raf1 Qc4 23. Be5 Nxe5 24. dxe5 Bxe5 25. Rf7+ Kd6 26. Rd7# 1-0


[Site "https://www.chess.com"]

[Event "Titled Tuesday Blitz June 6 Early 2023"]
[White "Yanayt, Eugene"]
[Black "Toczek, Grzegorz"]
[WhiteFideId "2020165"]
[BlackFideId "1106457"]
[WhiteElo "2083"]
[BlackElo "2093"]
[Result "1/2-1/2"]
[Round "2"]
[TimeControl "180+2"]
[Date "2023.06.06"]
[WhiteClock "0:00:06"]
[BlackClock "0:00:12"]
[Board "153"]

1. d4 e6 2. g3 Nf6 3. Bg2 c5 4. Nf3 Nc6 5. O-O cxd4 6. Nxd4 Be7 7. e4 Nxd4 8. Qxd4 d6 9. c4 Qc7 10. b3 Bd7 11. Bb2 a6 12. a4 O-O 13. Nc3 Rfd8 14. a5 Rac8 15. Na4 Bxa4 16. Rxa4 Qc5 17. Qd3 Nd7 18. Ba3 Qc7 19. Bb4 Nc5 20. Bxc5 Qxc5 21. Kh1 Bf6 22. f4 Rc7 23. Qd2 Rcd7 24. Rd1 Qc7 25. Qb4 Be7 26. Qe1 Qc5 27. Ra2 g5 28. Bf1 Bf6 29. b4 Qc7 30. Qe3 h6 31. Rad2 Be7 32. Bd3 Qc6 33. Rg2 d5 34. exd5 exd5 35. c5 d4 36. Qe2 Qe6 37. Qh5 Bf8 38. fxg5 Qe5 39. Re2 Qxg5 40. Qf3 Re7 41. Rxe7 Bxe7 42. Re1 Bf6 43. Re4 Kf8 44. Rg4 Qe5 45. Kg2 Re8 46. Kh3 Qh5+ 47. Kg2 Qe5 48. Re4 Qg5 49. Rxe8+ Kxe8 50. Qxb7 Qd2+ 51. Kh3 Qxd3 52. Qc6+ Kf8 53. Qxf6 Qc4 54. Qxh6+ Ke7 55. Qg5+ Ke6 56. Qg4+ Ke7 57. Qg5+ Ke6 58. Qg4+ Ke7 59. Qg5+ 1/2-1/2


[Site "https://www.chess.com"]

[Event "Titled Tuesday Blitz June 6 Early 2023"]
[White "Chernomordik, Pavel"]
[Black "Putri, Regita Desyari"]
[WhiteFideId "2804530"]
[BlackFideId "7109083"]
[WhiteElo "2193"]
[BlackElo "1930"]
[Result "1-0"]
[Round "2"]
[TimeControl "180+2"]
[Date "2023.06.06"]
[WhiteClock "0:01:34"]
[BlackClock "0:01:34"]
[Board "154"]

1. e4 e5 2. Nf3 Nc6 3. Bb5 a6 4. Ba4 Nf6 5. Qe2 b5 6. Bb3 Be7 7. a4 b4 8. d4 d6 9. Qc4 O-O 10. Qxc6 exd4 11. Qxa8 Qd7 12. Qa7 Qg4 13. O-O Qg6 14. Qxd4 c5 15. Qe3 Nxe4 16. Nbd2 Nxd2 17. Bxd2 Bf6 18. c3 Bh3 19. Nh4 Bxh4 20. Qxh3 Bf6 21. cxb4 1-0


[Site "https://www.chess.com"]

[Event "Titled Tuesday Blitz June 6 Early 2023"]
[White "Georg, Heinz"]
[Black "Tokman, Ariel"]
[WhiteFideId "4607295"]
[BlackFideId "117420"]
[WhiteElo "2301"]
[BlackElo "2263"]
[Result "1-0"]
[Round "2"]
[TimeControl "180+2"]
[Date "2023.06.06"]
[WhiteClock "0:01:00"]
[BlackClock "0:00:11"]
[Board "155"]

1. e4 c5 2. Nf3 d6 3. Bb5+ Bd7 4. Bxd7+ Qxd7 5. O-O Nf6 6. Re1 e6 7. c3 Be7 8. d4 cxd4 9. cxd4 d5 10. e5 Ne4 11. Nbd2 Nxd2 12. Bxd2 Nc6 13. Rc1 Rc8 14. a3 O-O 15. h4 a6 16. Qe2 Na7 17. Ba5 Qb5 18. Qxb5 Nxb5 19. Bb6 Rc6 20. Rxc6 bxc6 21. Rc1 Bd8 22. Rxc6 Bxb6 23. Rxb6 Ra8 24. a4 Nc7 25. Rb7 Rc8 26. Nd2 h5 27. Nb3 f6 28. exf6 gxf6 29. Nc5 e5 30. Nd7 Kf7 31. Nb6 1-0


[Site "https://www.chess.com"]

[Event "Titled Tuesday Blitz June 6 Early 2023"]
[White "Aggelis, Nikolaos"]
[Black "Baraeva, Irina"]
[WhiteFideId "4213220"]
[BlackFideId "24142565"]
[WhiteElo "2189"]
[BlackElo "2085"]
[Result "1/2-1/2"]
[Round "2"]
[TimeControl "180+2"]
[Date "2023.06.06"]
[WhiteClock "0:01:35"]
[BlackClock "0:00:58"]
[Board "156"]

1. c4 e5 2. Nc3 Nf6 3. e3 d5 4. cxd5 Nxd5 5. Nf3 Nc6 6. Bb5 Nxc3 7. bxc3 e4 8. Nd4 Bd7 9. Qa4 Nxd4 10. Bxd7+ Qxd7 11. Qxd7+ Kxd7 12. cxd4 f5 13. d3 Bb4+ 14. Bd2 Bxd2+ 15. Kxd2 exd3 16. Kxd3 c6 17. Rab1 Rab8 18. Rhc1 Rhe8 19. Rc5 g6 20. h3 b6 21. Rc2 Rbc8 22. g4 fxg4 23. hxg4 Rf8 24. f4 Rf7 25. g5 Re8 26. Rh1 Kd6 27. Rch2 Ree7 28. Rh4 Kd5 29. Re1 Re6 30. e4+ Kd6 31. Reh1 Ree7 32. a4 Rd7 33. Ke3 Rde7 34. Rh6 Kd7 35. R1h4 Kc7 36. Kd3 Kd7 37. Ke3 Kc7 38. Rh1 Kd7 39. R6h2 Kc7 40. a5 Kd6 41. axb6 axb6 42. Rb2 b5 43. Rc2 Ra7 44. Rhc1 Ra3+ 45. Rc3 Rxc3+ 46. Rxc3 Ra7 47. Rd3 b4 48. d5 cxd5 49. Rxd5+ Kc6 50. Kd4 b3 51. Kc3 Rb7 52. Kb2 Rb4 53. Re5 Kd6 54. Re8 Kd7 55. Re5 Kd6 56. Re8 Kd7 57. Re5 Kd6 1/2-1/2


[Site "https://www.chess.com"]

[Event "Titled Tuesday Blitz June 6 Early 2023"]
[White "Bashkansky, Ethan"]
[Black "Petukhov, Dmitry"]
[WhiteFideId "2071533"]
[BlackFideId "4142748"]
[WhiteElo "2298"]
[BlackElo "2311"]
[Result "0-1"]
[Round "2"]
[TimeControl "180+2"]
[Date "2023.06.06"]
[WhiteClock "0:00:04"]
[BlackClock "0:00:18"]
[Board "157"]

1. d4 Nf6 2. c4 g6 3. Nc3 d5 4. cxd5 Nxd5 5. Bd2 Bg7 6. e4 Nxc3 7. Bxc3 O-O 8. Nf3 c5 9. d5 Bxc3+ 10. bxc3 Qa5 11. Qd2 Nd7 12. Be2 Nf6 13. c4 Qxd2+ 14. Nxd2 e5 15. O-O Ne8 16. a4 Nd6 17. a5 f5 18. exf5 gxf5 19. Nb3 Ne4 20. Bd3 Nd6 21. f3 e4 22. fxe4 fxe4 23. Rxf8+ Kxf8 24. Be2 Bf5 25. Kf2 Ke7 26. Ke3 Bg6 27. g4 Rc8 28. h4 h5 29. gxh5 Bh7 30. Rg1 Kf6 31. Nd2 Nf5+ 32. Kf4 Nd4 33. Bg4 Re8 34. Re1 Nc2 35. Rb1 Re7 36. Be6 e3 37. Nf3 Nd4 38. Re1 Nc2 39. Re2 Bd3 40. Rg2 e2 41. h6 Rh7 42. Rg1 Rxh6 43. Ne1 Nxe1 44. Rxe1 Bxc4 45. Kg4 Rg6+ 46. Kf4 Rg2 47. h5 Rf2+ 48. Kg4 Rf1 49. Rxe2 Bxe2+ 50. Kh4 Rh1+ 51. Kg3 Rxh5 52. Kf4 Re5 53. Bg8 c4 54. d6 Re8 55. Bd5 Rd8 56. Bxb7 c3 57. Ke3 c2 58. Kd2 Bd1 59. Be4 Rxd6+ 60. Kc1 Ke5 61. Bh7 Kd4 62. Bg6 Ke3 63. a6 Rb6 64. Bxc2 Bxc2 65. Kxc2 Rxa6 66. Kb2 Rc6 67. Ka1 Kd2 68. Ka2 Kc3 69. Kb1 Ra6 70. Kc1 Ra1# 0-1


[Site "https://www.chess.com"]

[Event "Titled Tuesday Blitz June 6 Early 2023"]
[White "SereneSalmon"]
[Black "Sarkar, Justin"]
[BlackFideId "2010011"]
[WhiteElo "2502"]
[BlackElo "2151"]
[Result "0-1"]
[Round "2"]
[TimeControl "180+2"]
[Date "2023.06.06"]
[WhiteClock "0:02:24"]
[BlackClock "0:02:24"]
[Board "158"]

1. d4 d5 2. c4 dxc4 3. e4 b5 4. a4 c6 5. axb5 cxb5 6. Nc3 Qb6 7. Nd5 Qb7 8. Bf4 e5 9. Bxe5 Nd7 10. Bg3 Ngf6 11. Nc7+ Kd8 12. Nxa8 Bb4+ 13. Qd2 Bxd2+ 14. Kxd2 Nxe4+ 0-1


[Site "https://www.chess.com"]

[Event "Titled Tuesday Blitz June 6 Early 2023"]
[White "crosky"]
[Black "Flynn, Jacob"]
[BlackFideId "2509393"]
[WhiteElo "2291"]
[BlackElo "2053"]
[Result "0-1"]
[Round "2"]
[TimeControl "180+2"]
[Date "2023.06.06"]
[WhiteClock "0:00:04"]
[BlackClock "0:00:43"]
[Board "159"]

1. d4 Nf6 2. c4 e6 3. Nc3 Bb4 4. a3 Bxc3+ 5. bxc3 b6 6. f3 d5 7. cxd5 exd5 8. e3 O-O 9. Bd3 Ba6 10. Ne2 c5 11. O-O Bxd3 12. Qxd3 Nc6 13. e4 dxe4 14. fxe4 cxd4 15. cxd4 Ne5 16. Qg3 Ng6 17. Bg5 Nxe4 18. Bxd8 Nxg3 19. Nxg3 Raxd8 20. Nf5 Rfe8 21. Rac1 Rd7 22. h4 Red8 23. h5 Ne7 24. Rce1 Nxf5 25. Rxf5 Rxd4 26. Re7 R4d7 27. Rfxf7 Rxe7 28. Rxe7 Ra8 29. h6 gxh6 30. Kf2 Rf8+ 31. Ke3 Rf7 32. Re8+ Kg7 33. Ra8 Kg6 34. a4 Kf5 35. Re8 h5 36. Kf3 Rg7 37. Rf8+ Ke5 38. Rd8 h4 39. Rd1 Rg3+ 40. Kf2 Ra3 41. Rd7 Rxa4 42. Rxh7 b5 43. Rh5+ Kd4 44. Rxb5 Kc3 45. Rb7 a5 46. Ke3 Rb4 47. Ra7 a4 48. Ra8 Kb2 49. Rd8 Rb3+ 50. Kf4 Rc3 51. Rb8+ Kc2 52. Ra8 a3 53. Kg4 Rc4+ 54. Kh3 Kb2 55. Rb8+ Ka1 56. Rb7 a2 57. Rb8 Ra4 58. Rb7 Rd4 59. Rb8 Rd2 60. Rb7 Rb2 61. Rf7 Kb1 62. Rf1+ Kc2 63. Rf2+ Kb3 64. Rf3+ Kb4 65. Rf4+ Ka3 66. Rf3+ Rb3 0-1


[Site "https://www.chess.com"]

[Event "Titled Tuesday Blitz June 6 Early 2023"]
[White "Urbina Perez, Juan Antonio"]
[Black "Rodriguez Santiago, Jaime"]
[WhiteFideId "2217368"]
[BlackFideId "3100898"]
[WhiteElo "2197"]
[BlackElo "2025"]
[Result "0-1"]
[Round "2"]
[TimeControl "180+2"]
[Date "2023.06.06"]
[WhiteClock "0:02:02"]
[BlackClock "0:00:19"]
[Board "160"]

1. e4 c6 2. Nf3 d5 3. d3 dxe4 4. dxe4 Qxd1+ 5. Kxd1 Bg4 6. Be2 Nd7 7. Be3 Ngf6 8. Nfd2 Bxe2+ 9. Kxe2 e6 10. f3 Bc5 11. Nb3 Bxe3 12. Kxe3 Ke7 13. N1d2 Rhd8 14. Rhd1 Nb6 15. Na5 Rab8 16. Ndc4 Nxc4+ 17. Nxc4 b6 18. Ne5 Rdc8 19. g4 Rb7 20. Rd2 Nd7 21. Nc4 Rbc7 22. Rad1 Nb8 23. Nd6 Rf8 24. Nc4 Rd7 25. Ne5 Rxd2 26. Rxd2 f6 27. Nd3 Rd8 28. Nf4 e5 29. Rxd8 exf4+ 30. Kxf4 Kxd8 31. h4 Ke7 32. g5 Nd7 33. gxf6+ Nxf6 34. Kg5 Ke6 35. h5 c5 36. h6 gxh6+ 37. Kxh6 Ke5 38. Kg5 h5 39. Kh4 Kf4 40. c3 b5 41. b3 a5 42. c4 b4 43. Kh3 Kxf3 44. e5 Ne8 45. e6 Ke4 46. Kh4 Ke5 47. Kxh5 Kxe6 48. Kg4 Ke5 49. Kf3 Kd4 50. Ke2 Kc3 51. Kd1 Kb2 52. Kd2 Kxa2 53. Kc2 Nd6 54. Kc1 Kxb3 55. Kb1 Kxc4 56. Ka1 a4 57. Kb1 Kb3 58. Ka1 c4 59. Kb1 Kc3 60. Ka1 Kd3 61. Kb1 c3 62. Ka1 b3 63. Kb1 a3 64. Ka1 b2+ 65. Kb1 c2+ 66. Ka2 b1=Q+ 67. Kxa3 c1=Q+ 68. Ka4 Qc4+ 69. Ka5 Qcb5# 0-1


[Site "https://www.chess.com"]

[Event "Titled Tuesday Blitz June 6 Early 2023"]
[White "Jiganchine, Roman"]
[Black "Sokolov, Andrei"]
[WhiteFideId "2603667"]
[BlackFideId "11600306"]
[WhiteElo "2287"]
[BlackElo "2473"]
[Result "1-0"]
[Round "2"]
[TimeControl "180+2"]
[Date "2023.06.06"]
[WhiteClock "0:00:23"]
[BlackClock "0:01:51"]
[Board "161"]

1. e4 c5 2. Nf3 Nc6 3. Bb5 g6 4. O-O Bg7 5. Re1 e6 6. Bxc6 bxc6 7. e5 Ne7 8. d3 O-O 9. Nc3 Nd5 10. Ne4 Qb6 11. a3 Ba6 12. c4 Nc7 13. Rb1 Rad8 14. Be3 Qb8 15. Bxc5 Rfe8 16. Nd6 Na8 17. Nxe8 Rxe8 18. Bd6 Qb6 19. Qd2 c5 20. Ng5 h6 21. Ne4 Nc7 22. Bxc5 Qb8 23. Bd6 Qb7 24. Qf4 Qc8 25. Nf6+ Bxf6 26. Qxf6 Rf8 27. Re3 Kh7 28. Rh3 Ne8 29. Qh4 h5 30. Bxf8 Ng7 31. Bxg7 Kxg7 32. Qf6+ Kg8 33. Rf3 Qe8 34. Rd1 Bb7 35. Rf4 d5 36. cxd5 exd5 37. e6 fxe6 38. Re1 d4 39. Rxe6 Qa4 40. Qxg6+ Kh8 41. Qh6+ Kg8 42. Rg6# 1-0


[Site "https://www.chess.com"]